Match 41406949
Unlisted

Match 41406949
End
Kradschützen Motorcycle Team
Panzerpioneer Squad
Selects Italian Infantry
Selects Italian Infantry
250 Light Carrier
Construct Light Support Kompanie
Combat Half-tracks
MG34 Team
Construct Mechanized Kompanie
Selects Guastatori Squad
Guastatori Squad
254 Reconnaissance Tractor
Marder III Tank Destroyer
Marder III Tank Destroyer
Vehicle Survival Package
Selects Registered Artillery
Selects Towed Cannone da 105/28 Field Howitzer
Towed Cannone da 105/28 Field Howitzer
Construct Panzerarmee Kommand
Advanced Optics
Panzer III L Medium Tank
Emergency Repair Kits
Support Armor Elements
Panzer III L Medium Tank
Panzerjäger Mechanized Group
Flakvierling Half-track
Panzer III L Medium Tank
Selects Sound the Alarm
Advanced Field Repairs
Tungsten Core Ammunition
Panzer III L Medium Tank
Selects Prepared Positions
Selects Propaganda War
MaXiS
LilDick
Silverstatic
Esxile
0
0

Comments sign in to comment!

No comments posted yet!